 Dungeon Crawl Stone Soup version 0.31.0-32-g396128a36d (webtiles) character file.

Game seed: 16471153333713916164

177 Marvel the Poker (level 5, -1/58 HPs)
             Began as a Demonspawn Gladiator on Mar 23, 2024.
             Incinerated by a bombardier beetle (3 damage)
             ... with a burning spray
             ... on level 3 of the Dungeon.
             The game lasted 00:04:33 (2167 turns).

Marvel the Poker (Demonspawn Gladiator)             Turns: 2167, Time: 00:04:33

Health: -1/58      AC: 11    Str: 17    XL:     5   Next: 30%
Magic:  5/5        EV:  8    Int:  8    God:
Gold:   114        SH:  0    Dex: 14    Spells: 4/4 levels left

rFire   . . .        a - +0 trident
rCold   . . .        (no shield)
rNeg    + . .        q - +0 plate armour
rPois   .            c - +0 helmet
rElec   .            (no cloak)
rCorr   .            (no gloves)
SInv    .            (no boots)
Will    .....        (no amulet) Stlth
                     j - ring of positive energy
HPRegen 0.29/turn    (no ring)
MPRegen 0.09/turn

%: no passive effects
@: berserking, on fire, glowing, very quick
A: foul stench 1, sturdy frame 2
a: no special abilities


You were on level 3 of the Dungeon.
You visited 1 branch of the dungeon, and saw 3 of its levels.

You collected 114 gold pieces.

Inventory:

Hand Weapons
 a - a +0 trident (weapon)
Missiles
 d - 3 throwing nets (quivered)
 e - a javelin
 p - 3 poisoned darts
Armour
 b - a +0 leather armour
 c - a +0 helmet (worn)
 q - a +0 plate armour (worn)
Jewellery
 j - a ring of positive energy (left hand)
 t - a ring of wizardry
Scrolls
 f - 2 scrolls of brand weapon {unknown}
 g - 3 scrolls of identify {unknown}
 h - 2 scrolls of blinking {unknown}
 i - a scroll of enchant armour {unknown}
 k - a scroll of teleportation {unknown}
 o - a scroll of fear {unknown}
 s - a scroll of immolation {unknown}
Potions
 m - a potion of might {unknown}
 n - a potion of curing {unknown}
 r - a potion of attraction {unknown}


   Skills:
 + Level 2.7 Fighting
 + Level 4.2 Polearms
 + Level 2.0 Throwing
 + Level 1.1 Armour
 + Level 3.3 Dodging
 + Level 1.0 Stealth


You had 4 spell levels left.
You didn't know any spells.
Your spell library was empty.

Dungeon Overview and Level Annotations

Branches:
Dungeon (3/15)

Altars:
Kikubaaqudgha


Innate Abilities, Weirdness & Mutations

You may rarely emit foul miasma when damaged in melee.
Your movements are less encumbered by armour. (ER -4)


Message History

You are covered in liquid fire!
You reach to attack!
You hit the bombardier beetle but do no damage.
The liquid fire burns you!
You reach to attack!
You hit the bombardier beetle but do no damage.
The liquid fire burns you!
You puncture the bombardier beetle!
The bombardier beetle is moderately wounded.
The liquid fire burns you!
The bombardier beetle barely misses you.
You are too injured to fight recklessly!
You completely miss the bombardier beetle.
The bombardier beetle is moderately wounded.
The liquid fire burns you!
The bombardier beetle bites you but does no damage.
You hit the bombardier beetle.
The bombardier beetle is heavily wounded.
The liquid fire burns you!
You barely miss the bombardier beetle.
The bombardier beetle is heavily wounded.
The liquid fire burns you!
The bombardier beetle barely misses you.
You hit the bombardier beetle.
The bombardier beetle is severely wounded.
The liquid fire burns you!
* * * LOW HITPOINT WARNING * * *
It was a potion of berserk rage.
A red film seems to cover your vision as you go berserk!
You feel yourself moving faster!
You feel mighty! The liquid fire burns you!
* * * LOW HITPOINT WARNING * * *
The bombardier beetle bites you but does no damage.
You puncture the bombardier beetle!
You kill the bombardier beetle!
The liquid fire burns you!
* * * LOW HITPOINT WARNING * * *
You shake off some of the fire as you move.
The liquid fire burns you!
You die...

#########
#.......########
#.#####..†......
###.##.....#.####.
#....############.
####.#.## ##>## #...
#......# #8...8 #.##
#.##@#..##.....###.##
.. #.#.##8.....8#..(.
## #.#.###.....###.##
#.#.# #.# #.#.# #.#
... #.# #.# .. ##.##
#.# ...8 #...#
###.#### ##_## ##.##


There were no monsters in sight!

Vanquished Creatures
  A bombardier beetle (D:3)
  6 adders
  2 dart slugs (D:2)
  3 ribbon worms
  3 orcs (D:3)
  5 ball pythons
  6 endoplasms
  2 giant cockroaches (D:3)
  7 goblins
  5 hobgoblins
  7 jackals (D:1)
  3 quokkas
  4 bats
  5 frilled lizards
  6 kobolds
  2 rats (D:2)
67 creatures vanquished.

Notes
Turn   | Place    | Note
-------+----------+-------------------------------------------
     0 | D:1      | Marvel the Demonspawn Gladiator began the quest for the
                  | Orb.
     0 | D:1      | Reached XP level 1. HP: 16/16 MP: 1/1
   294 | D:1      | Gained mutation: You may rarely emit foul miasma when
                  | damaged in melee. [demonic ancestry]
   294 | D:1      | Reached XP level 2. HP: 22/22 MP: 2/2
   427 | D:1      | Reached skill level 3 in Polearms
   642 | D:1      | Reached XP level 3. HP: 27/27 MP: 3/3
  1320 | D:2      | Gained mutation: Your movements are slightly less
                  | encumbered by armour. (ER -2) [demonic ancestry]
  1320 | D:2      | Reached XP level 4. HP: 34/34 MP: 4/4
  1951 | D:3      | Reached skill level 1 in Stealth
  1992 | D:3      | Reached skill level 4 in Polearms
  2024 | D:3      | Reached skill level 1 in Armour
  2065 | D:3      | Found an ancient bone altar of Kikubaaqudgha.
  2079 | D:3      | Gained mutation: Your movements are less encumbered by
                  | armour. (ER -4) [demonic ancestry]
  2079 | D:3      | Reached XP level 5. HP: 34/39 MP: 5/5
  2166 | D:3      | HP: 2/58 [burnt (2)]
  2167 | D:3      | Incinerated by a bombardier beetle

Illustrated notes

Levels and vault maps discovered:
D:1:      dpeg_arrival_round_a, layout_loops_ring
D:2:      layout_basic
D:3:      minmay_bubble_buster, layout_loops_cross,
          nicolae_overflow_hidden_temple, mainiacjoe_overflow_24_doors

Skill      XL: |  1  2  3  4 |
---------------+-------------+-----
Throwing       | 2 |  2.0
Dodging        | 3 |  3.3
Polearms       | 3 4 |  4.2
Stealth        | 1 |  1.0
Armour         | 1 |  1.1
Fighting       | |  2.7

Action                     |  1- 3 |  4- 6 || total
---------------------------+-------+-------++-------
  Melee: Trident           |   124 |   117 ||   241
         Punch             |     1 |     2 ||     3
    Use: Potion            |       |     1 ||     1
   Stab: Sleeping          |     2 |       ||     2
 Armour: Leather armour    |    49 |     9 ||    58
         Plate armour      |       |    61 ||    61
  Dodge: Dodged            |    71 |    47 ||   118
